 Dungeon Crawl Stone Soup version 0.27-a0-681-g0c81a3c1c3 (webtiles) character file.

Game seed: 10962419629473830890

1152 tilp the Insei (level 8, 0/54 HPs)
             Began as an Octopode Transmuter on Mar 19, 2021.
             Was a Follower of Okawaru.
             Slain by an orc
             ... wielding a +0 morningstar
              (10 damage)
             ... on level 7 of the Dungeon.
             The game lasted 00:12:39 (8527 turns).

tilp the Insei (Octopode Transmuter)                Turns: 8527, Time: 00:12:40

Health: 0/54       AC:  1    Str: 10    XL:     8   Next: 38%
Magic:  14/14      EV: 13    Int: 17    God:    Okawaru [*.....]
Gold:   124        SH:  0    Dex: 12    Spells: 7/15 levels left

rFire    . . .     SeeInvis .     - Unarmed
rCold    . . .     Faith    .   (no shield)
rNeg     . . .     Spirit   .   (helmet restricted)
rPois    .         Reflect  .   m - amulet of magic regeneration
rElec    .         Harm     .   (no ring)
rCorr    .         Rampage  .   (no ring)
Will     .....                  (no ring)
Stlth    +++.......             (no ring)
HPRegen  0.18/turn              (no ring)
MPRegen  0.39/turn              (no ring)
                                (no ring)
                                (no ring)

@: wereblooded (expiring)
A: almost no armour, amphibious, 8 rings, camouflage 1, gelatinous body 1,
nimble swimmer 1, tentacles
a: Renounce Religion, Heroism


You were on level 7 of the Dungeon.
You worshipped Okawaru.
Okawaru was aware of your devotion.
You visited 1 branch of the dungeon, and saw 7 of its levels.

You collected 124 gold pieces.

Inventory:

Missiles
 g - 11 poisoned darts (quivered)
Jewellery
 m - an amulet of magic regeneration (around mantle)
Wands
 n - a wand of flame (28)
 q - a wand of random effects (18)
 r - a wand of paralysis (6)
Scrolls
 a - a scroll of enchant armour {unknown}
 f - a scroll of amnesia {unknown}
 h - a scroll of vulnerability {unknown}
 k - a scroll of fear
 l - a scroll of silence {unknown}
 o - 2 scrolls of immolation {unknown}
 s - a scroll of identify {unknown}
 t - a scroll of teleportation
 u - a scroll of magic mapping {unknown}
Potions
 b - 2 potions of mutation {unknown}
 c - 3 potions of curing {unknown}
 d - 3 potions of heal wounds {unknown}
 e - 2 potions of might {unknown}
 i - a potion of cancellation {unknown}
 j - a potion of lignification {unknown}
 p - a potion of haste {unknown}


   Skills:
 - Level 4.0 Fighting
 - Level 2.0 Dodging
 - Level 4.0 Stealth
 - Level 6.0 Unarmed Combat
 - Level 4.0 Spellcasting
 - Level 2.0 Transmutations
 + Level 3.4 Invocations
 - Level 4.0 Evocations


You had 7 spell levels left.
You knew the following spells:

 Your Spells              Type           Power      Damage    Failure   Level
a - Beastly Appendage     Tmut           20%        N/A       7%          1
b - Wereblood             Tmut           10%        N/A       11%         2
c - Spider Form           Tmut/Pois      3%         N/A       30%         3
d - Blink                 Tloc           N/A        N/A       24%         2

Your spell library contained the following spells:

 Spells                   Type           Power      Damage    Failure   Level
 Magic Dart               Conj           12%        1d3       16%         1
 Call Imp                 Summ           3%         N/A       24%         2
 Slow                     Hex            3%         N/A       24%         2
 Conjure Flame            Conj/Fire      3%         6-21      43%         3
 Mephitic Cloud           Conj/Pois/Air  3%         N/A       43%         3
 Ice Form                 Ice/Tmut       6%         N/A       71%         4
 Blade Hands              Tmut           5%         N/A       88%         5


Dungeon Overview and Level Annotations

Branches:
Dungeon (7/15)
 Temple: D:4-7

Altars:
Ashenzari
Dithmenos
Okawaru
Ru
Sif Muna
Wu Jian
Xom

Annotations:
D:4 exclusions: black bear and ogre
D:6 2 transporters, exclusions: ice beast and 3 lemures, Edmund


Innate Abilities, Weirdness & Mutations

You cannot wear most types of armour.
You are amphibious.
You can wear up to eight rings at the same time.
Your skin changes colour to match your surroundings (Stealth+).
Your rubbery body absorbs attacks. (AC +1, EV +1)
You are stealthy while swimming. (Stealth+)
You have tentacles for arms and can constrict up to eight enemies at once.


Message History

An orc comes into view. It is wielding a +0 morningstar.
Found 8 gold pieces.
Found a throwing net.
You tentacle-slap the orc wizard. Your grab misses the orc wizard.
The orc wizard is lightly wounded.
The orc wizard hits you with a +0 dagger.
You tentacle-slap the orc wizard but do no damage.
You grab the orc wizard. You squeeze the orc wizard.
The orc wizard is moderately wounded.
You constrict the orc wizard. You tentacle-slap the orc wizard.
The orc wizard is heavily wounded.
You constrict the orc wizard.
The orc wizard gestures at you while chanting.
The puff of flame hits you!
You barely miss the orc. Your grab misses the orc. Your squeeze misses the orc.
You constrict the orc wizard.
The orc wizard gestures at you while chanting.
The magic dart hits you! The orc misses you.
You tentacle-slap the orc wizard but do no damage.
The orc wizard is severely wounded.
You constrict the orc wizard.
The orc wizard hits you with a +0 dagger.
* * * LOW HITPOINT WARNING * * *
The orc closely misses you.
You barely miss the orc wizard.
The orc wizard is almost dead.
You constrict the orc wizard.
You kill the orc wizard!
Okawaru accepts your kill. The orc barely misses you.
You barely miss the orc. You grab the orc. You constrict the orc.
The orc hits you with a +0 morningstar!
* * * LOW HITPOINT WARNING * * *
You tentacle-slap the orc.
The orc is heavily wounded.
You howl as the wereblood boils in your veins!
Your primal bloodlust is almost over.
You constrict the orc. The orc hits you with a +0 morningstar!
You die...

## ## #. . ##.##.#
##.o)#.# #...@.$#
##...#.(.... ##..#
##### ##.# ##+##
#)# ##...##
#.##### ##.....##
#.#...####.......#
#######..#
#.##.........
.........#
#..'.........


You could see an orc.

Vanquished Creatures
  An orc warrior (D:6)
  2 ogres
  A phantom (D:7)
  2 centaurs
  A bullfrog (D:6)
  A water moccasin skeleton (D:2)
  A centaur zombie (D:5)
  2 hounds
  An orc priest (D:6)
  Ijyb (D:3)
  An orc wizard (D:7)
  5 worker ants
  Terence (D:2)
  Robin (D:4)
  4 gnolls (D:4)
  7 adders
  2 white imps (D:5)
  An ufetubus (D:5)
  An ooze (D:1)
  2 adder skeletons
  8 dart slugs
  4 leopard geckos
  8 orcs
  3 giant cockroaches
  7 goblins
  11 hobgoblins
  3 kobolds
  3 quokkas
  A ball python (D:3)
  7 bats
  3 frilled lizards
  7 rats
103 creatures vanquished.

Notes
Turn   | Place    | Note
-------+----------+-------------------------------------------
     0 | D:1      | tilp the Octopode Transmuter began the quest for the Orb.
     0 | D:1      | Reached XP level 1. HP: 13/13 MP: 3/3
   157 | D:1      | Reached skill level 1 in Stealth
   482 | D:1      | Reached XP level 2. HP: 7/18 MP: 5/5
   486 | D:1      | Learned a level 2 spell: Wereblood
  1399 | D:1      | Reached XP level 3. HP: 23/23 MP: 6/6
  1403 | D:1      | Learned a level 3 spell: Spider Form
  1636 | D:2      | Reached XP level 4. HP: 23/30 MP: 7/7
  1752 | D:2      | Noticed Terence
  2302 | D:2      | Reached XP level 5. HP: 36/36 MP: 4/8
  2610 | D:2      | Killed Terence
  3319 | D:3      | Found a shadowy altar of Dithmenos.
  3711 | D:3      | Noticed Ijyb
  4005 | D:3      | Killed Ijyb
  4371 | D:4      | Noticed an ogre
  4395 | D:4      | Killed an ogre
  4396 | D:4      | Reached skill level 4 in Unarmed Combat
  4396 | D:4      | Reached XP level 6. HP: 38/43 MP: 9/9
  4534 | D:4      | Noticed a black bear
  4547 | D:4      | Found a sacrificial altar of Ru.
  5121 | D:4      | Noticed Robin
  5134 | D:4      | Killed Robin
  5138 | D:4      | Reached skill level 5 in Unarmed Combat
  5781 | D:5      | Entered Level 5 of the Dungeon
  5873 | D:5      | Learned a level 2 spell: Blink
  6087 | D:5      | Reached XP level 7. HP: 33/48 MP: 10/10
  6217 | D:5      | Reached skill level 6 in Unarmed Combat
  6575 | D:5      | Reached skill level 1 in Evocations
  6903 | D:5      | Found a broken altar of Ashenzari.
  6905 | D:5      | Found an iron altar of Okawaru.
  6905 | D:5      | Found a shimmering blue altar of Sif Muna.
  6905 | D:5      | Found a shimmering altar of Xom.
  6910 | D:5      | Found an ornate altar of the Wu Jian Council.
  6914 | D:5      | Became a worshipper of Warmaster Okawaru
  7461 | D:6      | Reached * piety under Okawaru
  7597 | D:6      | Found a transporter.
  7653 | D:6      | Noticed Edmund
  7844 | D:6      | Reached XP level 8. HP: 48/54 MP: 11/13
  7968 | D:6      | Found a transporter.
  7972 | D:6      | Reached skill level 1 in Invocations
  8527 | D:7      | Slain by an orc

Illustrated notes

Levels and vault maps discovered:
D:1:      lemuel_arrival_hallway, layout_basic
D:2:      layout_loops_ring, uniq_terence
D:3:      layout_loops_ring, general_overflow_altar, minmay_misc_feat_plants,
          uniq_ijyb
D:4:      layout_loops_corners, nicolae_ru_path_of_blood, uniq_robin
D:5:      layout_cave_pools, grunt_temple_overflow_open
D:6:      gammafunk_cloud_chamber, layout_rooms, uniq_pikel, uniq_edmund
D:7:      layout_loops_corners, minmay_temple_entry_overgrown,
          kennysheep_small_spiral

Skill      XL: |  1  2  3  4  5  6  7  8 |
---------------+-------------------------+-----
Stealth        | 2 3 4 |  4.0
Fighting       | 2 3 4 |  4.0
Unarmed Combat | 4 5 6 |  6.0
Evocations     | 3 4 |  4.0
Spellcasting   | 3 4 |  4.0
Invocations    | 3 |  3.4
Dodging        | |  2.0
Transmutations | |  2.0

Action                   |  1- 3 |  4- 6 |  7- 9 || total
-------------------------+-------+-------+-------++-------
Melee: Unarmed           |    50 |   143 |   100 ||   293
       Tentacles         |    12 |    22 |    17 ||    51
       Constrict         |    12 |    37 |    17 ||    66
       Kick              |     3 |    40 |    22 ||    65
       Punch             |       |     5 |     5 ||    10
Throw: Dart              |       |    21 |    20 ||    41
 Cast: Beastly Appendage |     9 |    37 |    22 ||    68
       Wereblood         |       |     7 |     5 ||    12
Invok: Heroism           |       |       |     1 ||     1
Evoke: Wand              |       |       |     1 ||     1
  Use: Scroll            |       |     2 |     1 ||     3
 Stab: Sleeping          |     7 |     9 |     2 ||    18
       Paralysed         |       |       |     4 ||     4
Armor: Skin              |     6 |    11 |     4 ||    21
Dodge: Dodged            |    28 |    63 |    76 ||   167

Table legend: (Time is in decaauts)
 A = Elapsed time spent in this place.
 B = Non-inter-level travel time spent in this place.
 C = Inter-level travel time spent in this place.
 D = Time resting spent in this place.
 E = Time spent auto-exploring this place.
 F = Levels seen in this place.
 G = Mean time per level.
                   A        B        C        D        E       F      G
               +--------+--------+--------+--------+--------+-----+--------+
         Total |   8503 |   8130 |    373 |   2283 |   4803 |   7 | 1214.7 |
       Dungeon |   8503 |   8130 |    373 |   2283 |   4803 |   7 | 1214.7 |
               +--------+--------+--------+--------+--------+-----+--------+

Top non-repeatable levels by time:
     D:4: 1641 daAuts
     D:1: 1612 daAuts
     D:3: 1434 daAuts
     D:2: 1301 daAuts
     D:5: 1124 daAuts
     D:6: 1103 daAuts
     D:7: 286 daAuts
